 Dungeon Crawl Stone Soup version 0.29-a0-6-ga859fcf985 (webtiles) character file.

Game seed: 3130649088621473962

5 Jannitor the Sneak (level 1, 0/20 HPs)
             Began as a Hill Orc Delver on Jan 27, 2022.
             Was an Initiate of Beogh.
             Slain by an adder skeleton (1 damage)
             ... on level 4 of the Dungeon.
             The game lasted 00:01:07 (483 turns).

Jannitor the Sneak (Hill Orc Delver)                 Turns: 483, Time: 00:01:08

Health: 0/20       AC:  3    Str: 14    XL:     1   Next: 80%
Magic:  1/1        EV: 11    Int: 10    God:    Beogh [......]
Gold:   9          SH:  0    Dex: 12    Spells: 0/0 levels left

rFire   . . .      SeeInvis .   a - +0 mace
rCold   . . .      Faith    .   (no shield)
rNeg    . . .      Spirit   .   b - +0 leather armour
rPois   .          Reflect  .   (no helmet)
rElec   .          Harm     .   (no cloak)
rCorr   .          Rampage  .   (no gloves)
Will    .....                   (no boots)
Stlth   ++........              (no amulet)
HPRegen 0.06/turn               (no ring)
MPRegen 0.07/turn               (no ring)

@: lethally poisoned (0 -> -4), hasted, very quick
A: no striking features
a: Renounce Religion


You were on level 4 of the Dungeon.
You worshipped Beogh.
Beogh was noncommittal.
You visited 1 branch of the dungeon, and saw 2 of its levels.

You collected 9 gold pieces.

Inventory:

Hand Weapons
 a - a +0 mace (weapon)
Armour
 b - a +0 leather armour (worn)
Wands
 g - a wand of digging (3)
Scrolls
 c - a scroll of fog
 d - a scroll of magic mapping
 e - a scroll of fear


   Skills:
 + Level 3.7 Fighting
 + Level 2.3 Maces & Flails
 + Level 1.7 Dodging
 + Level 4.1 Stealth


You couldn't memorise any spells.
You didn't know any spells.
Your spell library was empty.

Dungeon Overview and Level Annotations

Branches:
Dungeon (5/15)
 Temple: D:4-7

Altars:


Message History

The adder bites you but does no damage. The adder skeleton bites you.
The adder bites you but does no damage.
Unknown command.
You barely miss the adder. The adder skeleton misses you.
The adder skeleton closely misses the orc priest.
The adder closely misses you.
Unknown command.
You hit the adder.
The adder is moderately wounded.
The adder skeleton bites you. The adder barely misses you.
The adder skeleton bites you. The adder barely misses you.
Unknown command.
You hit the adder.
The adder is severely wounded.
The adder misses you.
The adder skeleton bites you but does no damage.
The adder skeleton closely misses you.
Unknown command.
You hit the adder.
The adder is almost dead.
The adder bites you.
You are poisoned.
The adder poisons you!
The adder skeleton bites you but does no damage.
The adder bites you.
* * * LOW HITPOINT WARNING * * *
The adder skeleton closely misses you. The adder skeleton bites you.
* * * LOW HITPOINT WARNING * * *
You feel yourself speed up.
* * * LOW HITPOINT WARNING * * *
You feel sick. The adder misses you. The adder skeleton bites you.
* * * LOW HITPOINT WARNING * * *
The adder skeleton barely misses you.
Unknown command.
You sock the adder!
You kill the adder!
Beogh accepts your kill.
The adder skeleton bites you but does no damage.
The adder skeleton bites you.
You die...

#########
#######......Z.
#....@.>.......
#...Z†Z........
#......o....(..
#..............
#..............
#.o..o.........
#....o.........
#..............
#.............


You could see 2 adder skeletons, a neutral orc priest (wandering) and 3 neutral
orcs.

Vanquished Creatures
  An adder (D:4)
  An endoplasm (D:4)
  3 jackals (D:5)
5 creatures vanquished.

Notes
Turn   | Place    | Note
-------+----------+-------------------------------------------
     0 | D:5      | Jannitor the Hill Orc Delver began the quest for the Orb.
     0 | D:5      | Reached XP level 1. HP: 19/19 MP: 1/1
     4 | D:5      | Noticed an iguana
    44 | D:5      | HP: 1/20 [jackal (1)]
   131 | D:5      | Noticed a troll
   385 | D:5      | Noticed a necrophage
   398 | D:5      | Noticed an iguana
   466 | D:4      | Noticed an orc priest
   469 | D:4      | Became a worshipper of Beogh the Brigand
   482 | D:4      | HP: 1/20 [adder skeleton (1)]
   483 | D:4      | Slain by an adder skeleton

Illustrated notes

Levels and vault maps discovered:
D:4:      layout_basic, xom_confusion_cloud, minmay_pentomino_pile
D:5:      layout_rooms, makhleb_blood_cavern_becter,
          minmay_temple_entry_enclosed_plants

Action                   || total
-------------------------++-------
Melee: Mace              ||    39
       Punch             ||     1
Invok: Convert to Beogh  ||     1
  Use: Potion            ||     1
Armor: Leather armour    ||    13
Dodge: Dodged            ||    36

Table legend: (Time is in decaauts)
 A = Elapsed time spent in this place.
 B = Non-inter-level travel time spent in this place.
 C = Inter-level travel time spent in this place.
 D = Time resting spent in this place.
 E = Time spent auto-exploring this place.
 F = Levels seen in this place.
 G = Mean time per level.
                   A        B        C        D        E       F      G
               +--------+--------+--------+--------+--------+-----+--------+
         Total |    493 |    493 |      0 |    335 |      4 |   2 |  246.5 |
       Dungeon |    493 |    493 |      0 |    335 |      4 |   2 |  246.5 |
               +--------+--------+--------+--------+--------+-----+--------+

Top non-repeatable levels by time:
     D:5: 416 daAuts
     D:4: 77 daAuts
